 Dungeon Crawl Stone Soup version 0.29.0-7-g18a832c13a (webtiles) character file.

Game seed: 14610372856135454303

293 casanoah the Magician (level 6, -2/41 HPs)
             Began as a Djinni Hedge Wizard on Aug 30, 2022.
             Slain by an ice beast (11 damage)
             ... on level 4 of the Dungeon.
             The game lasted 00:12:05 (8331 turns).

casanoah the Magician (Djinni Hedge Wizard)         Turns: 8331, Time: 00:12:05

Health: -2/41      AC:  2    Str:  9    XL:     6   Next: 60%
Gold:   355        EV: 12    Int: 18    God:
                   SH:  0    Dex: 12

rFire   + + .      SeeInvis .   r - staff of cold
rCold   . . .      Faith    .   (no shield)
rNeg    . . .      Spirit   .   b - +0 robe
rPois   ∞          Reflect  .   c - +0 hat
rElec   .          Harm     .   (no cloak)
rCorr   +          Rampage  .   (no gloves)
Will    .....                   (boots unavailable)
Stlth   ++........              (no amulet)
HPRegen 0.13/turn               o - ring of resist corrosion
MPRegen 0.00/turn               (no ring)

@: flying
A: sickness immunity, fire resistance 2, cold vulnerability 1, float, innate
caster, HP casting, extra vitality 1
a: no special abilities


You were on level 4 of the Dungeon.
You visited 1 branch of the dungeon, and saw 5 of its levels.

You collected 355 gold pieces.

Inventory:

Hand Weapons
 f - a +2 short sword of venom
Armour
 b - a +0 robe (worn)
 c - a +0 hat (worn)
Magical Staves
 r - a staff of cold (weapon)
Jewellery
 i - an amulet of faith
 o - a ring of resist corrosion (left hand)
Wands
 s - a wand of iceblast (5)
 v - a wand of acid (7)
Scrolls
 a - 8 scrolls of identify {unknown}
 e - a scroll of teleportation {unknown}
 h - 2 scrolls of noise {unknown}
 j - a scroll of summoning {unknown}
 k - 2 scrolls of enchant weapon {unknown}
 m - 4 scrolls of magic mapping {unknown}
 n - a scroll of vulnerability {unknown}
 t - 2 scrolls of fog {unknown}
 u - a scroll of blinking {unknown}
 w - a scroll of silence {unknown}
Potions
 d - 2 potions of might {unknown}
 g - 4 potions of heal wounds {unknown}
 l - a potion of haste {unknown}
 p - a potion of attraction {unknown}
 q - a potion of flight {unknown}


   Skills:
 + Level 0.5 Fighting
 + Level 0.5 Short Blades
 + Level 2.7 Dodging
 + Level 3.2 Stealth
 + Level 4.4 Spellcasting


You couldn't memorise any spells.
You knew the following spells:

 Your Spells              Type           Power      Damage    Failure   Level
a - Magic Dart            Conj           76%        1d6       2%          1
b - Blink                 Tloc           38%        N/A       3%          2
c - Call Imp              Summ           19%        N/A       3%          2
d - Slow                  Hex            76%        N/A       2%          1
e - Conjure Flame         Conj/Fire      19%        6-21      7%          3
f - Mephitic Cloud        Conj/Pois/Air  19%        N/A       7%          3
g - Foxfire               Conj/Fire      76%        2x1d7     2%          1
h - Poisonous Vapours     Pois/Air       38%        N/A       3%          2
Your spell library was empty.

Dungeon Overview and Level Annotations

Branches:
Dungeon (5/15)
 Temple: D:4-7

Altars:

Shops:
D:1 *   D:2 [

Annotations:
D:1 rc


Innate Abilities, Weirdness & Mutations

You are immune to sickness and miasma.
You are immune to poison.
Your flesh is very heat resistant. (rF++)
You are vulnerable to cold. (rC-)
You float through the air rather than walking.
You learn spells naturally, not from books.
Your magical power is your life essence.
You have superior vitality. (+4 MHP)


Message History

Confirm with . or Enter, or press ? or * to list all spells.
Aiming: Magic Dart (safe; 2% risk of failure)
Press: ? - help, Shift-Dir - straight line, f/p - ice beast
Aim: an ice beast (black smoke, moderately wounded, ally target, 100% to hit)
The magic dart hits the ice beast.
The ice beast is moderately wounded.
Your crimson imp closely misses the ice beast.
Unknown command.
Casting: Magic Dart (safe; 2% risk of failure)
Confirm with . or Enter, or press ? or * to list all spells.
Okay, then.
Casting: Magic Dart (safe; 2% risk of failure)
Confirm with . or Enter, or press ? or * to list all spells.
You conjure some foxfire!
The foxfire hits the ice beast but does no damage.
The ice beast is moderately wounded.
The foxfire hits the ice beast but does no damage.
The ice beast is moderately wounded.
Your crimson imp blinks!
Casting: Foxfire (safe; 2% risk of failure)
Confirm with . or Enter, or press ? or * to list all spells.
You can't see any susceptible monsters within range! (Use Z to cast anyway.)
There are no items here.
The ice beast attacks as you move away! The ice beast barely misses you.
There is a stone staircase leading up here.
The ice beast hits you. The ice beast freezes you!
You fly upwards.
There is a stone staircase leading down here.
Casting: Foxfire (safe; 2% risk of failure)
Confirm with . or Enter, or press ? or * to list all spells.
You conjure some foxfire!
The ice beast hits you. The ice beast freezes you!
* * * LOW HITPOINT WARNING * * *
The foxfire hits the ice beast.
The ice beast melts!
The ice beast is heavily wounded.
The foxfire hits the ice beast.
The ice beast melts!
The ice beast is severely wounded.
The ice beast attacks as you move away! The ice beast hits you.
* * * LOW HITPOINT WARNING * * *
The ice beast freezes you!
You die...

#...#........#....#...#
+...#.........#..#....#
#..##...#..##..##..##.#
#..##...##.##..##..##.#
...#....#.....#..#....#
...##...##...#....#...#
######+###..#..##..#..#
.#.##...##.#...##...#.#
#.......###....Y@....##
#........#.....>......#
#........'.......#)...#
.#.##..###....##.###..#
##.##..###....##.######
.#.....#...........#
..#....#...........#
..#+##.###..#####..#
..#.##.###..########


You could see an ice beast.

Vanquished Creatures
  3 hounds
  3 orc wizards (D:5)
  2 adders
  A worm (D:2)
  2 dart slugs
  2 orcs
  2 ball pythons
  8 endoplasms
  A giant cockroach (D:1)
  7 goblins
  5 hobgoblins
  6 jackals
  A quokka (D:4)
  4 bats
  7 frilled lizards
  6 kobolds
  3 rats (D:1)
63 creatures vanquished.

Vanquished Creatures (collateral kills)
  4 adders
  A goblin (D:1)
  A jackal (D:2)
  A kobold (D:1)
7 creatures vanquished.

Vanquished Creatures (others)
  4 foxfires
4 creatures vanquished.

Grand Total: 74 creatures vanquished

Notes
Turn   | Place    | Note
-------+----------+-------------------------------------------
     0 | D:1      | casanoah the Djinni Hedge Wizard began the quest for the
                  | Orb.
     0 | D:1      | casanoah set off with the following spells memorised: Magic
                  | Dart, Blink, Call Imp, Slow, Conjure Flame, Mephitic Cloud.
     0 | D:1      | Reached XP level 1. HP: 15/15 MP: 0/0
   390 | D:1      | Reached XP level 2. HP: 17/21 MP: 0/0
   575 | D:1      | Found Samodac's General Store.
   799 | D:1      | Reached skill level 3 in Spellcasting
  1070 | D:1      | Reached XP level 3. HP: 22/25 MP: 0/0
  1070 | D:1      | Learned a level 1 spell: Foxfire
  2178 | D:2      | Noticed a phantom
  2999 | D:2      | Identified the +1 leather armour of Tuidd {+Blink rElec
                  | Str+2 Dex-2}
  3037 | D:2      | Reached XP level 4. HP: 23/31 MP: 0/0
  3965 | D:2      | Found Douff's Armour Emporium.
  4483 | D:3      | Reached XP level 5. HP: 25/35 MP: 0/0
  4483 | D:3      | Learned a level 2 spell: Poisonous Vapours
  5164 | D:3      | Found a faded altar of an unknown god.
  6453 | D:4      | Reached skill level 4 in Spellcasting
  7116 | D:5      | Entered Level 5 of the Dungeon
  7123 | D:5      | Reached XP level 6. HP: 39/41 MP: 0/0
  7269 | D:5      | Noticed a water moccasin
  7394 | D:5      | Noticed an ice beast
  8331 | D:4      | Slain by an ice beast

Illustrated notes

Levels and vault maps discovered:
D:1:      dpeg_arrival_stone_temple_mockup, layout_loops_ring, serial_shops,
          shop
D:2:      layout_loops_ring, serial_shops, nicolae_shop_hallway_plus,
          kennysheep_nub, hex_tiny, minmay_misc_feat_square
D:3:      layout_basic, dreamdust_ecumenical_altar_hidden_monk_grotto
D:4:      nicolae_cairo_tiling, layout_gridville, minivault_26
D:5:      layout_cave_pools, nicolae_wu_jian_immortal_techniques

Skill      XL: |  1  2  3  4  5  6 |
---------------+-------------------+-----
Spellcasting   | 3 4 |  4.4
Stealth        | 2 3 |  3.2
Fighting       | |  0.5
Short Blades   | |  0.5
Dodging        | |  2.7

Action                   |  1- 3 |  4- 6 || total
-------------------------+-------+-------++-------
Melee: Dagger            |     1 |       ||     1
       Short sword       |     3 |     5 ||     8
       Staff             |       |     5 ||     5
 Cast: Magic Dart        |    88 |   122 ||   210
       Call Imp          |    13 |    18 ||    31
       Blink             |     1 |     1 ||     2
       Conjure Flame     |       |     6 ||     6
       Slow              |       |     6 ||     6
       Foxfire           |       |     2 ||     2
       Mephitic Cloud    |       |     1 ||     1
 Stab: Sleeping          |     1 |       ||     1
Armor: Robe              |     1 |    11 ||    12
Dodge: Dodged            |     8 |    29 ||    37
